 Dungeon Crawl Stone Soup version 0.31-a0-986-g5e6e4ef867 (webtiles) character file.

Game seed: 9460661219731504116

7571 Lobster4 the Cleaver (level 11, 0/78 (94) HPs)
             Began as a Hill Orc Fighter on Nov 23, 2023.
             Was a Believer of Nemelex Xobeh.
             Slain by a spectral orc warrior
             ... wielding a +0 trident
             ... summoned by Nergalle
              (4 damage)
             ... on level 10 of the Dungeon.
             The game lasted 00:25:00 (9830 turns).

Lobster4 the Cleaver (Hill Orc Fighter)             Turns: 9830, Time: 00:25:01

HP:   0/78 (94)     AC: 22    Str: 23    XL:     11   Next: 17%
MP:   15/15         EV: 10    Int: 12    God:    Nemelex Xobeh [**....]
Gold: 549           SH:  9    Dex: 10    Spells: 14/14 levels left

rFire   + . .        a - +1 war axe (protect)
rCold   . . .        v - +0 kite shield
rNeg    . . .        s - +2 ring mail {rF+}
rPois   +            (no helmet)
rElec   .            b - +2 cloak
rCorr   +            (no gloves)
SInv    .            C - +2 pair of boots
Will    +....        T - amulet of the acrobat Stlth
                     y - ring "Mouwenom" {rPois rCorr Str+3}
HPRegen 0.33/turn    l - ring of willpower
MPRegen 0.14/turn

%: acrobat
@: under a protective aura, heavily drained
A: no striking features
a: Renounce Religion, Draw Escape, Draw Destruction, Draw Summoning


You were on level 10 of the Dungeon.
You worshipped Nemelex Xobeh.
Nemelex Xobeh was pleased with you.
You visited 1 branch of the dungeon, and saw 10 of its levels.

You collected 549 gold pieces.

Inventory:

Hand Weapons
 a - a +1 war axe of protection (weapon)
 i - a +1 flail of protection
 G - a +3 mace
 J - a +0 whip of flaming
 M - a +3 hand axe of freezing
Missiles
 q - 46 poisoned darts (quivered)
 w - a throwing net
 z - 4 javelins
 B - 4 boomerangs
Armour
 b - a +2 cloak (worn)
 c - a +1 buckler
 g - an orb of light
 s - a +2 ring mail of fire resistance (worn)
 v - a +0 kite shield (worn)
 C - a +2 pair of boots (worn)
 I - a +2 scale mail of poison resistance
Magical Staves
 L - a staff of cold
 N - a staff of fire
Jewellery
 l - a ring of willpower (right hand)
 n - a +6 ring of strength
 y - the ring "Mouwenom" (left hand) {rPois rCorr Str+3}
   (You found it on level 5 of the Dungeon)

   [ring of resist corrosion]

   Str+3:     It affects your strength (+3).
   rPois:     It protects you from poison rCorr: It protects you from acid and
   corrosion.
 H - a ring of see invisible
 T - an amulet of the acrobat (around neck)
Talismans
 t - a maw talisman
Wands
 k - a wand of iceblast (17)
 K - a wand of mindburst (16)
 P - a wand of polymorph (9)
 R - a wand of paralysis (3)
Scrolls
 e - 3 scrolls of enchant weapon
 j - 2 scrolls of vulnerability
 o - 4 scrolls of fog
 p - 3 scrolls of torment
 A - 4 scrolls of teleportation
 Q - a scroll of summoning
Potions
 d - a potion of might
 f - a potion of magic
 h - 3 potions of enlightenment
 m - 4 potions of brilliance
 r - 2 potions of invisibility
 u - 7 potions of curing {unknown}
 x - 2 potions of haste {unknown}
 D - a potion of lignification {unknown}
 E - a potion of ambrosia {unknown}
 F - a potion of heal wounds {unknown}
 O - a potion of mutation {unknown}
 S - 2 potions of berserk rage


   Skills:
 + Level 8.2 Fighting
 * Level 11.3 Axes
 - Level 2.0 Throwing
 + Level 7.5 Armour
 + Level 2.8 Dodging
 + Level 7.3 Shields
 - Level 2.0 Spellcasting
 - Level 2.0 Fire Magic
 + Level 6.6 Invocations
 - Level 3.0 Evocations
 + Level 4.7 Shapeshifting


You had 14 spell levels left.
You didn't know any spells.
Your spell library contained the following spells:

 Spells                   Type           Power      Damage    Failure   Level
 Freeze                   Ice            4%         1d3       61%         1
 Slow                     Hex            4%         N/A       61%         1
 Sting                    Tmut/Pois      4%         1d3       61%         1
 Lesser Beckoning         Tloc           2%         N/A       75%         2
 Poisonous Vapours        Pois/Air       2%         N/A       75%         2
 Confusing Touch          Hex            1%         N/A       93%         3
 Frozen Ramparts          Ice            2%         1d1       93%         3
 Gell's Gravitas          Tloc           1%         N/A       93%         3
 Hailstorm                Conj/Ice       1%         3d3       93%         3
 Ozocubu's Armour         Ice            1%         N/A       93%         3
 Sigil of Binding         Hex            1%         N/A       93%         3
 Teleport Other           Tloc           1%         N/A       93%         3
 Vampiric Draining        Necr           1%         2d6       93%         3
 Olgreb's Toxic Radiance  Pois           1%         N/A       100%        4
 Petrify                  Tmut/Erth      1%         N/A       100%        4
 Metabolic Englaciation   Hex/Ice        0%         N/A       100%        5
 Ozocubu's Refrigeration  Ice            0%         4d7       100%        7


Dungeon Overview and Level Annotations

Branches:
Dungeon (10/15)            Temple (0/1) D:6            Lair (0/5) D:8
    Orc: D:9-12

Altars:
Gozag
Nemelex Xobeh
Wu Jian

Shops:
D:7 (

Annotations:
D:7 1 runed translucent door, Crazy Yiuf
D:10 3 runed translucent doors, exclusion: obsidian statue, Darkkill's ghost, journeyman MiHu; Nergalle


Message History

You block Nergalle's attack.
You hit Nergalle.
Nergalle is almost dead.
You hit the spectral orc knight.
You hear the faint creaking of a portcullis nearby.
Nergalle barely misses you.
The spectral orc knight hits you with a +0 war axe.
* * * LOW HITPOINT WARNING * * *
You feel drained.
The spectral orc warrior closely misses you.
You hit Nergalle but do no damage.
Nergalle is almost dead.
You hit the spectral orc knight but do no damage.
You block Nergalle's attack. x2
The spectral orc warrior barely misses you.
The spectral orc knight hits you with a +0 war axe.
* * * LOW HITPOINT WARNING * * *
You feel drained.
You hit Nergalle but do no damage.
Nergalle is almost dead.
You slash the spectral orc knight! Nergalle hits you but does no damage.
The spectral orc knight barely misses you.
The spectral orc warrior misses you.
Nergalle points at you and mumbles some strange words.
Orcish apparitions take form around you.
You hit Nergalle.
Nergalle is almost dead.
You hit the spectral orc knight.
You block the spectral orc knight's attack.
The spectral orc warrior closely misses you.
You block Nergalle's attack.
You barely miss Nergalle.
Nergalle is almost dead.
You hit the spectral orc knight but do no damage.
Nergalle hits you but does no damage.
The spectral orc warrior hits you from afar with a +0 trident!
* * * LOW HITPOINT WARNING * * *
You feel drained.
You die...
Your body glows slightly and disappears.

############
#..........#
#..........# #
#...>......# ...
#..........#####...#
#.........ZZZ@oZ.#
#..........#######
#..........#
#..........#
#..........#
#####.###### #.####
#.>..#
##########'###


You could see Nergalle (drained), 3 spectral orc warriors and a spectral orc
knight (summoned).

Vanquished Creatures
  A two-headed ogre (D:9)
  Pikel (D:7)
  A komodo dragon (D:8)
  Prince Ribbit (D:7)
  Sigmund (D:6)
  6 yaks (D:9)
  2 steam dragons
  7 water moccasins
  Duvessa (D:7)
  4 orc warriors
  3 sky beasts
  7 black bears
  An ogre (D:7)
  A lemure (D:7)
  2 phantoms (D:7)
  2 kobold brigands
  Blork the orc (D:5)
  8 bullfrogs
  3 scorpions
  3 wights (D:7)
  Dowan (D:7)
  5 killer bees (D:8)
  6 howler monkeys
  6 orc priests
  3 hounds
  3 iguanas
  2 sleepcaps (D:6)
  15 orc wizards
  3 gnolls (D:4)
  5 adders
  2 white imps
  A worm (D:5)
  36 orcs
  2 endoplasms (D:2)
  2 giant cockroaches
  10 hobgoblins
  4 jackals (D:4)
  2 quokkas
  8 ball pythons
  4 bats (D:2)
  2 frilled lizards
  13 goblins
  13 kobolds
  7 rats
211 creatures vanquished.

Notes
Turn   | Place    | Note
-------+----------+-------------------------------------------
     0 | D:1      | Lobster4 the Hill Orc Fighter began the quest for the Orb.
     0 | D:1      | Reached XP level 1. HP: 19/19 MP: 1/1
   410 | D:1      | Reached skill level 3 in Axes
   410 | D:1      | Reached XP level 2. HP: 27/27 MP: 2/2
  1010 | D:2      | Reached XP level 3. HP: 32/33 MP: 3/3
  1759 | D:3      | Reached XP level 4. HP: 40/40 MP: 4/4
  2139 | D:3      | Reached skill level 1 in Fire Magic
  2879 | D:4      | Reached skill level 4 in Axes
  2889 | D:4      | Reached XP level 5. HP: 37/46 MP: 6/6
  2941 | D:4      | Reached skill level 1 in Evocations
  3113 | D:4      | Reached skill level 1 in Spellcasting
  3171 | D:4      | Reached XP level 6. HP: 51/53 MP: 7/7
  3174 | D:4      | Reached skill level 1 in Shapeshifting
  3397 | D:4      | Noticed an orc warrior
  3419 | D:4      | Killed an orc warrior
  3420 | D:4      | Reached skill level 5 in Axes
  3420 | D:4      | Reached skill level 1 in Dodging
  3539 | D:4      | Reached XP level 7. HP: 39/60 MP: 7/9
  3898 | D:5      | Entered Level 5 of the Dungeon
  3901 | D:5      | Noticed Blork the orc
  3917 | D:5      | Killed Blork the orc
  4128 | D:4      | Reached skill level 5 in Fighting
  4356 | D:5      | Identified the ring "Mouwenom" {rPois rCorr Str+3}
  4392 | D:5      | Reached XP level 8. HP: 64/68 MP: 10/10
  4588 | D:5      | Found an ornate altar of the Wu Jian Council.
  4588 | D:5      | Found a sparkling altar of Nemelex Xobeh.
  4668 | D:5      | Became a worshipper of Nemelex Xobeh the Trickster
  4829 | D:6      | Reached skill level 6 in Axes
  5035 | D:6      | Reached skill level 1 in Invocations
  5061 | D:6      | Reached skill level 1 in Throwing
  5071 | D:6      | Reached skill level 5 in Armour
  5110 | D:6      | Noticed Sigmund
  5120 | D:6      | Killed Sigmund
  5121 | D:6      | Reached skill level 5 in Shields
  5262 | D:6      | Found a staircase to the Ecumenical Temple.
  5306 | D:6      | Reached skill level 7 in Axes
  5639 | D:6      | Reached XP level 9. HP: 73/75 MP: 12/12
  6168 | D:7      | Reached skill level 8 in Axes
  6458 | D:7      | Reached * piety under Nemelex Xobeh
  6693 | D:7      | Noticed Pikel
  6708 | D:7      | Killed Pikel
  6709 | D:7      | Reached skill level 9 in Axes
  6753 | D:7      | Noticed Crazy Yiuf
  6753 | D:7      | Found a runed translucent door.
  6825 | D:7      | Found Zeuxoigu's Antique Weapon Shop.
  6889 | D:7      | Noticed Prince Ribbit
  6903 | D:7      | Reached XP level 10. HP: 84/84 MP: 13/13
  6918 | D:7      | Killed Prince Ribbit
  7062 | D:7      | Noticed Duvessa
  7062 | D:7      | Noticed Dowan
  7078 | D:7      | Killed Duvessa
  7085 | D:7      | Reached skill level 5 in Invocations
  7096 | D:7      | Killed Dowan
  7664 | D:8      | Reached skill level 10 in Axes
  7788 | D:8      | Found a staircase to the Lair.
  8160 | D:8      | Received a gift from Nemelex Xobeh
  8363 | D:8      | Reached ** piety under Nemelex Xobeh
  8733 | D:9      | Noticed a two-headed ogre
  8896 | D:9      | Killed a two-headed ogre
  9084 | D:9      | Reached skill level 11 in Axes
  9084 | D:9      | Reached XP level 11. HP: 83/94 MP: 15/15
  9401 | D:9      | Received a gift from Nemelex Xobeh
  9675 | D:10     | Entered Level 10 of the Dungeon
  9742 | D:10     | Found a runed translucent gate.
  9742 | D:10     | Found a runed translucent gate.
  9742 | D:10     | Found a runed translucent gate.
  9743 | D:10     | Found an opulent altar of Gozag.
  9743 | D:10     | Noticed a centaur warrior
  9743 | D:10     | Noticed an obsidian statue
  9743 | D:10     | Noticed a green ugly thing
  9743 | D:10     | Noticed Darkkill's ghost (journeyman MiHu)
  9814 | D:10     | Noticed Nergalle
  9830 | D:10     | HP: 4/81 [spectral orc warrior/+0 trident[Nergalle] (10)]
  9830 | D:10     | Slain by a spectral orc warrior

Illustrated notes

Levels and vault maps discovered:
D:1:      wander_arrival_fairy_ring, layout_loops_ring, dk_noncrumbling_4,
          kennysheep_flooded_box
D:2:      layout_loops_corners
D:3:      corexii_shack_village, layout_basic, kennysheep_generic_room_11
D:4:      layout_gridville
D:5:      layout_loops_cross, gammafunk_temple_overflow_wave, uniq_blork_the_orc
D:6:      layout_loops_corners, minmay_temple_entry_junction_2, uniq_sigmund
D:7:      layout_basic, serial_shops, nicolae_shop_overgrown_old_shop,
          hangedman_abyss_or_decor_stagger, grunt_decor_junction,
          grunt_ministairs_3, uniq_duvessa, uniq_prince_ribbit1, uniq_pikel,
          uniq_crazy_yiuf_cottage
D:8:      layout_basic, due_lair_maze_entry_diamond
D:9:      layout_basic
D:10:     layout_roguey [special_room_bee], ebering_ghost_gozag, enter_bailey_8,
          serial_shops, shop, uniq_nergalle

Skill      XL: |  1  2  3  4  5  6  7  8  9 10 |
---------------+-------------------------------+-----
Axes           | 3 4 5 7 9 11 | 11.3
Fighting       | 4 5 6 8 |  8.2
Fire Magic     | 1 2 |  2.0
Evocations     | 1 2 3 |  3.0
Spellcasting   | 1 2 |  2.0
Armour         | 4 5 6 7 |  7.5
Shapeshifting  | 1 2 3 4 |  4.7
Dodging        | 1 2 |  2.8
Shields        | 4 5 6 7 |  7.3
Invocations    | 2 4 6 |  6.6
Throwing       | 1 2 |  2.0

Action                     |  1- 3 |  4- 6 |  7- 9 | 10-12 || total
---------------------------+-------+-------+-------+-------++-------
  Melee: War axe           |   101 |   165 |   331 |   303 ||   900
  Throw: Dart              |       |     4 |    17 |    21 ||    42
         Throwing net      |       |       |     1 |     1 ||     2
 Invoke: Draw Destruction  |       |       |       |     4 ||     4
  Evoke: Wand              |       |       |       |     4 ||     4
    Use: Scroll            |     2 |     9 |     7 |     4 ||    22
         Potion            |       |     1 |     2 |     1 ||     4
 Armour: Scale mail        |    63 |    45 |       |   108 ||   216
         Ring mail         |       |    83 |   221 |   124 ||   428
  Dodge: Dodged            |    44 |    76 |   127 |    98 ||   345
  Block: Buckler           |    35 |    55 |    93 |       ||   183
         Kite shield       |       |       |       |   150 ||   150

Table legend: (Time is in decaauts)
 A = Elapsed time spent in this place.
 B = Non-inter-level travel time spent in this place.
 C = Inter-level travel time spent in this place.
 D = Time resting spent in this place.
 E = Time spent auto-exploring this place.
 F = Levels seen in this place.
 G = Mean time per level.
                   A        B        C        D        E       F      G
               +--------+--------+--------+--------+--------+-----+--------+
         Total |  10024 |   9600 |    424 |    881 |   6573 |  10 | 1002.4 |
       Dungeon |  10024 |   9600 |    424 |    881 |   6573 |  10 | 1002.4 |
               +--------+--------+--------+--------+--------+-----+--------+

Top non-repeatable levels by time:
     D:7: 1652 daAuts
     D:8: 1375 daAuts
     D:4: 1195 daAuts
     D:6: 1181 daAuts
     D:3: 1107 daAuts
     D:2: 1060 daAuts
     D:5: 845 daAuts
     D:9: 750 daAuts
     D:1: 699 daAuts
    D:10: 155 daAuts
